 Dungeon Crawl Stone Soup version 0.27.1-4-g1640c2035a (webtiles) character file.

Game seed: 156131156359067432

220083 Crownlay the Dancer (level 19, -4/145 (148) HPs)
             Began as a Gnoll Ice Elementalist on Oct 31, 2021.
             Was a Believer of Uskayaw.
             Slain by a spectral fenstrider witch (12 damage)
             ... called from beyond by a ghost crab
             ... on level 4 of the Swamp on Nov 1, 2021.
             The game lasted 02:41:13 (57511 turns).

Crownlay the Dancer (Gnoll Ice Elementalist)       Turns: 57511, Time: 02:41:14

HP:   -4/145 (148)  AC: 16    Str:  9    XL:     19   Next: 16%
MP:   3/36          EV: 22    Int: 21    God:    Uskayaw [**....]
Gold: 2307          SH:  0    Dex: 13    Spells: 7/44 levels left

rFire    + . .     SeeInvis +   r - +5 scythe "Finisher" {speed, eviscerate}
rCold    + . .     Faith    +   (shield currently unavailable)
rNeg     . . .     Spirit   .   F - +2 robe {Archmagi}
rPois    +         Reflect  .   m - +2 hat {SInv}
rElec    .         Harm     .   J - +1 cloak of Starlight {*Dazzle EV+4 Stlth--}
rCorr    .         Rampage  .   X - +2 pair of gloves
Will     +++..     Archmagi +   q - +2 pair of boots {Fly}
Stlth    +++.......             P - amulet of faith
HPRegen  0.34/turn              c - ring of wizardry
MPRegen  0.25/turn              D - ring "Voiptog" {rPois rF+ rC+ Will++}

@: freezing walls, flying, studying Ice Magic, lightly drained
A: fangs 1, strong nose, distributed training
}: 1/15 runes: serpentine
a: Renounce Religion, Stomp, Line Pass


You were on level 4 of the Swamp.
You worshipped Uskayaw.
Uskayaw was pleased with you.
You visited 6 branches of the dungeon, and saw 32 of its levels.
You also visited: Ossuary, Bailey, Ice Cave and Volcano.

You collected 3405 gold pieces.
You spent 1098 gold pieces at shops.

Inventory:

Hand Weapons
 o - the +9 hunting sling of Accord {venom, *Corrode rN+ Str+8 Stlth+}
   (You bought it in a shop on level 2 of the Snake Pit)

   Any ammunition fired from it poisons the flesh of those it strikes.
   Str:       It affects your strength (+8).
   rN:        It protects you from negative energy.
   *Corrode:  It may corrode you when you take damage.
   Stlth:     It makes you more stealthy.
 r - the +5 scythe "Finisher" (weapon) {speed, eviscerate}
   (You found it on level 6 of the Lair of Beasts)

   Attacks with this weapon are significantly faster.
   It may eviscerate those it strikes, slaying them instantly, with a decreasing
   chance against stronger foes.
 K - the +6 arbalest "Damnation" {damnation}
   (You acquired it in a bailey)

   Any ammunition fired from it explodes in a burst of damnation on striking a
   foe, dealing damage which bypasses armour.
Missiles
 L - 181 bolts
 N - 12 curare-tipped darts
 W - 16 silver boomerangs
Armour
 h - the +1 helmet of the Hanged Man {Regen+}
   (You found it on level 2 of the Swamp)

   Regen:     It increases your rate of health regeneration.
 m - a +2 hat of see invisible (worn)
 q - a +2 pair of boots of flying (worn)
 F - a +2 robe of the Archmagi (worn)
 J - the +1 cloak of Starlight (worn) {*Dazzle EV+4 Stlth--}
   (You found it on level 4 of the Lair of Beasts)

   It may blind those who miss an attack against the wearer in melee combat.
   EV:        It affects your evasion (+4).
   Stlth:     It makes you much less stealthy.
 X - a +2 pair of gloves (worn)
Jewellery
 c - a ring of wizardry (left hand)
 D - the ring "Voiptog" (right hand) {rPois rF+ rC+ Will++}
   (You found it in an ossuary)

   [ring of protection from cold]

   rF:        It protects you from fire.
   rC:        It protects you from cold.
   rPois:     It protects you from poison.
   Will:      It greatly increases your willpower.
 P - an amulet of faith (around neck)
 U - an amulet of reflection
Wands
 a - a wand of mindburst (47)
 d - a wand of paralysis (17)
 n - a wand of acid (2)
 x - a wand of flame (67)
 C - a wand of polymorph (34)
 O - a wand of iceblast (11)
 Y - a wand of digging (6)
Scrolls
 b - 8 scrolls of teleportation
 p - 6 scrolls of immolation
 u - 5 scrolls of blinking
 w - 2 scrolls of vulnerability
 z - 2 scrolls of holy word
 B - 6 scrolls of magic mapping
 H - a scroll of torment
 M - 3 scrolls of fog
 Q - 2 scrolls of summoning
 S - 2 scrolls of fear
Potions
 e - 5 potions of haste
 f - 2 potions of magic
 g - 10 potions of flight
 j - 4 potions of brilliance
 k - 14 potions of lignification
 l - 9 potions of might
 s - 21 potions of curing
 t - 2 potions of heal wounds
 v - 2 potions of cancellation {unknown}
 A - 2 potions of attraction {unknown}
 E - a potion of resistance {unknown}
 I - 2 potions of mutation
 T - a potion of invisibility {unknown}
 Z - 3 potions of ambrosia
Miscellaneous
 y - a phantom mirror
 V - a box of beasts


   Skills:
 + Level 12.6 Fighting
 + Level 12.6 Short Blades
 + Level 12.6 Long Blades
 + Level 12.6 Axes
 + Level 12.6 Maces & Flails
 + Level 12.6 Polearms
 + Level 12.6 Staves
 + Level 12.6 Slings
 + Level 12.6 Bows
 + Level 12.6 Crossbows
 + Level 12.6 Throwing
 + Level 12.6 Armour
 + Level 13.2 Dodging
 + Level 13.1 Stealth
 + Level 12.6 Shields
 + Level 12.6 Unarmed Combat
 + Level 13.4 Spellcasting
 + Level 10.8 Conjurations
 + Level 10.8 Hexes
 + Level 10.8 Summonings
 + Level 10.8 Necromancy
 + Level 10.8 Translocations
 + Level 10.8 Transmutations
 + Level 10.8 Fire Magic
 + Level 13.5 Ice Magic
 + Level 10.8 Air Magic
 + Level 10.8 Earth Magic
 + Level 10.8 Poison Magic
 + Level 13.5 Invocations
 + Level 12.6 Evocations


You had 7 spell levels left.
You knew the following spells:

 Your Spells              Type           Power      Damage    Failure   Level
a - Freeze                Ice            100%       1d11      0%          1
b - Frozen Ramparts       Ice            100%       1d12      1%          3
c - Ozocubu's Armour      Ice            82%        N/A       1%          3
d - Ozocubu's Refrigerat  Ice            41%        4d13      6%          7
e - Inner Flame           Hex/Fire       73%        N/A       1%          3
f - Stone Arrow           Conj/Erth      100%       3d13      1%          3
g - Iron Shot             Conj/Erth      36%        9d7       3%          6
h - Spellforged Servitor  Conj/Summ      36%        N/A       17%         7
i - Cause Fear            Hex            36%        N/A       1%          4

Your spell library contained the following spells:

 Spells                   Type           Power      Damage    Failure   Level
 Animate Skeleton         Necr           100%       N/A       1%          1
 Apportation              Tloc           100%       N/A       1%          1
 Beastly Appendage        Tmut           100%       N/A       1%          1
 Corona                   Hex            81%        N/A       1%          1
 Foxfire                  Conj/Fire      100%       2x1d9     1%          1
 Sandblast                Erth           100%       2d20      1%          1
 Summon Small Mammal      Summ           100%       N/A       1%          1
 Corpse Rot               Necr/Air       N/A        N/A       1%          2
 Ensorcelled Hibernation  Hex/Ice        100%       N/A       1%          2
 Passwall                 Tmut/Erth      60%        N/A       1%          2
 Sublimation of Blood     Necr           36%        N/A       1%          2
 Wereblood                Tmut           73%        N/A       1%          2
 Conjure Flame            Conj/Fire      73%        6-21      1%          3
 Ignite Poison            Fire/Tmut/Pois 73%        N/A       1%          3
 Mephitic Cloud           Conj/Pois/Air  73%        N/A       1%          3
 Spider Form              Tmut/Pois      36%        N/A       1%          3
 Animate Armour           Summ/Erth      100%       N/A       1%          4
 Animate Dead             Necr           36%        N/A       1%          4
 Dispel Undead            Necr           73%        3d24      1%          4
 Hailstorm                Conj/Ice       78%        3d16      1%          4
 Leda's Liquefaction      Hex/Erth       36%        N/A       1%          4
 Olgreb's Toxic Radiance  Pois           73%        N/A       1%          4
 Petrify                  Tmut/Erth      73%        N/A       1%          4
 Alistair's Intoxication  Tmut/Pois      48%        N/A       1%          5
 Blade Hands              Tmut           36%        N/A       1%          5
 Bolt of Magma            Conj/Fire/Erth 36%        4d16      1%          5
 Borgnjor's Vile Clutch   Necr/Erth      36%        N/A       1%          5
 Fireball                 Conj/Fire      36%        3d15      1%          5
 Irradiate                Conj/Tmut      36%        3d25      1%          5
 Iskenderun's Battlesphe  Conj           73%        2d12      1%          5
 Lee's Rapid Deconstruct  Erth           36%        3d19*     1%          5
 Metabolic Englaciation   Hex/Ice        39%        N/A       1%          5
 Summon Forest            Summ/Tloc      36%        N/A       1%          5
 Summon Mana Viper        Hex/Summ       73%        N/A       1%          5
 Simulacrum               Ice/Necr       39%        N/A       1%          6
 Conjure Ball Lightning   Conj/Air       36%        3x3d12    3%          6
 Death Channel            Necr           36%        N/A       3%          6
 Eringya's Noxious Bog    Tmut/Pois      36%        N/A       3%          6
 Shadow Creatures         Summ           N/A        N/A       3%          6
 Statue Form              Tmut/Erth      48%        N/A       3%          6
 Haunt                    Necr/Summ      36%        N/A       17%         7
 Orb of Destruction       Conj           36%        9d13      17%         7
 Summon Hydra             Summ           36%        N/A       17%         7
 Discord                  Hex            36%        N/A       77%         8
 Ignition                 Fire           36%        3d11      77%         8
 Infestation              Necr           36%        N/A       77%         8
 Lehudib's Crystal Spear  Conj/Erth      36%        10d9      77%         8
 Fire Storm               Conj/Fire      36%        8d9       100%        9
 Shatter                  Erth           36%        3d29*     100%        9


Dungeon Overview and Level Annotations

Branches:
Dungeon (15/15)            Temple (1/1) D:4            Lair (6/6) D:10
  Swamp (4/4) Lair:2        Snake (4/4) Lair:2        Slime (0/5) Lair:6
    Orc (2/2) D:9             Elf (0/3) Orc:2        Vaults (0/5) D:13
 Depths (0/5) D:15        Ossuary (visited)          Bailey (visited)
  IceCv (visited)         Volcano (visited)

Altars:
Ashenzari
Cheibriados
Dithmenos
Elyvilon
Fedhas
Gozag
Hepliaklqana
Kikubaaqudgha
Makhleb
Nemelex Xobeh
Okawaru
Qazlal
Ru
Sif Muna
Trog
Uskayaw
Vehumet
Wu Jian
Xom
Yredelemnul
Zin
The Shining One
Beogh
Jiyva

Shops:
D:3 [   D:4 *:   D:6 *   Orc:2 ((:*   Snake:2 (((   Snake:3 (*

Portals:
Trove: D:12 (show slimy rune of Zot)

Annotations:
D:8 exclusions: door and tengu warrior


Innate Abilities, Weirdness & Mutations

You have very sharp teeth.
Your uncanny sense of smell can sniff out nearby items.
Your experience applies equally to all skills.


Message History

A swamp dragon comes into view.
The wall freezes the ghost crab.
The ghost crab breathes spectral mist at you.
The spectral mist engulfs you but does no damage.
Reach: r) +5 scythe "Finisher" {speed, eviscerate}
Press: ? - help, Dir - move target, f - ghost crab
Aim: a ghost crab (spectral mist, moderately damaged, about 20% to evade the +5 scythe "Finisher")
You reach to attack!
The swamp dragon roars deafeningly!
You slash the ghost crab!
The ghost crab is heavily damaged.
You are engulfed in spectral mist.
You hear an angry hiss.
You hear a roar!
The spectral fenstrider witch resists.
The wall freezes the spectral fenstrider witch.
The spectral fenstrider witch hits you but does no damage.
The spectral fenstrider witch closely misses you.
The wall freezes the ghost crab!
The ghost crab breathes spectral mist at you.
The spectral mist engulfs you but does no damage.
You can now pass through a line of other dancers.
Reach: r) +5 scythe "Finisher" {speed, eviscerate}
Press: ? - help, Dir - move target, f/p - ghost crab
Aim: a ghost crab (spectral mist, severely damaged, about 20% to evade the +5 scythe "Finisher")
You reach to attack!
You closely miss the ghost crab.
The ghost crab is severely damaged.
The spectral fenstrider witch resists.
The wall freezes the spectral fenstrider witch.
The spectral fenstrider witch hits you!
* * * LOW HITPOINT WARNING * * *
You feel drained.
* * * LOW HITPOINT WARNING * * *
The spectral fenstrider witch kicks you.
* * * LOW HITPOINT WARNING * * *
The spectral fenstrider witch resists.
The wall freezes the spectral fenstrider witch.
The spectral fenstrider witch hits you!
* * * LOW HITPOINT WARNING * * *
The spectral fenstrider witch kicks you!
You die...

#### ∆ ∆ #φ..# ≈≈≈.D####
○≈≈≈....## ○≈≈≈≈≈≈..##
§..≈.≈≈≈.≈# ≈..≈♣ ∆
#..°Z## ....♣ ####
##☼☼#@♣≈.≈≈≈♣
#....♣♣##.○#♣≈...≈♣
.°☼°°.≈♣##t≈♣≈...♣
..°≈k.°°°☼≈☼°≈≈≈≈..
≈.°°≈.≈°...○○≈♣≈≈.. .
....§.t...≈≈...≈≈.. ≈.
.≈.....≈..§..≈..≈.. ..≈
....§.....≈...≈..≈≈
..≈≈.≈........≈...≈..≈≈♣


You could see a swamp dragon, a ghost crab and a spectral fenstrider witch
(summoned).

Vanquished Creatures
  Asterion (Snake:4)
  Agnes (D:14)
  A thorn hunter (Swamp:4)
  4 nagarajas (Snake:4)
  Roxanne (Snake:1)
  A fire giant (D:15)
  2 orc warlords
  The ghost of Kuralita the Martial Artist, a journeyman OpTm of Makhleb (D:15)
  A stone giant (D:15)
  2 bunyips (Swamp:1)
  A merfolk javelineer (D:15)
  3 eleionomae
  2 merfolk impalers (D:15)
  A fire dragon (Lair:4)
  A salamander tyrant (Snake:4)
  The ghost of othur the Blocker, a journeyman TrFi of Qazlal (Lair:1)
  A shambling mangrove (Swamp:3)
  Harold (D:8)
  10 nameless horrors
  16 naga warriors
  A catoblepas (Lair:3)
  8 boulder beetles
  4 centaur warriors
  19 hydras
  2 ghost crabs
  9 anacondas
  3 alligators
  3 two-headed ogres
  3 death yaks (Lair:4)
  A death knight (D:14)
  3 tengu warriors (D:15)
  7 naga sharpshooters
  4 spriggans
  Nergalle (Orc:1)
  9 shock serpents
  5 orc high priests
  4 salamander mystics
  A fire crab (Volcano)
  4 goliath frogs
  3 spriggan druids
  5 bog bodies
  3 sea snakes (Snake:4)
  A glowing orange brain (D:14)
  7 naga ritualists
  3 swamp dragons
  A wizard (D:14)
  A deep elf archer (D:15)
  5 mana vipers
  3 oklob plants (Lair:6)
  A phantasmal warrior (D:14)
  A lindwurm (Volcano)
  Pikel (D:5)
  An orc knight (D:13)
  12 ugly things
  5 cyclopes
  3 will-o-the-wisps
  4 orc sorcerers
  The ghost of diceflayer the Fighter, a novice MiFi (D:5)
  14 salamanders
  2 manticores
  4 centaur zombies
  25 elephants
  2 ice statues (IceCv)
  7 guardian serpents
  12 naga magi
  35 black mambas
  2 molten gargoyles (Volcano)
  20 cane toads
  Maggie (D:8)
  3 gargoyles
  An unseen horror (D:13)
  3 efreet
  16 rime drakes
  4 demonic crawlers (D:14)
  2 freezing wraiths
  8 komodo dragons
  2 ice devils (Orc:2)
  4 trolls
  A polar bear (shapeshifter) (D:13)
  A yaktaur (D:14)
  3 meliai (D:14)
  3 polar bears
  6 tyrant leeches
  Prince Ribbit (D:6)
  11 slime creatures
  5 hornets
  24 blink frogs
  Sigmund (D:6)
  4 wraiths
  10 fire bats (Volcano)
  52 yaks
  16 humans (D:13)
  Grum (Lair:1)
  2 basilisks
  7 steam dragons
  9 vampire mosquitoes
  39 nagas
  8 swamp worms
  A harpy simulacrum (IceCv)
  An acid dragon (D:10)
  10 water moccasins
  A floating eye (D:14)
  A hell hound (Volcano)
  4 swamp drakes
  A hornet zombie (D:8)
  29 orc warriors
  6 ice beasts
  3 black bears
  A necrophage (D:8)
  14 wolves
  6 ogres
  2 phantoms
  13 centaurs
  3 kobold brigands
  A wyvern zombie (Ossuary)
  An elf zombie (D:8)
  19 bullfrogs
  2 scorpions (D:5)
  A water moccasin zombie (Ossuary)
  2 elf skeletons (D:8)
  2 gnoll sergeants
  A water moccasin skeleton (D:4)
  9 killer bees
  9 wights
  4 howler monkeys
  12 electric eels
  10 lava snakes
  Crazy Yiuf (D:3)
  6 bullfrog zombies
  33 orc priests
  A bullfrog skeleton (D:5)
  2 centaur skeletons
  5 hounds
  A human skeleton (D:8)
  A human zombie (D:8)
  2 jellies
  5 iguanas
  28 orc wizards
  2 polar bear simulacra (IceCv)
  3 small abominations (D:14)
  A hound zombie (D:5)
  2 hound skeletons
  16 mummies (Ossuary)
  A howler monkey skeleton (D:6)
  17 gnolls
  5 adders
  A shadow imp (D:8)
  4 ufetubi
  A worm (D:7)
  2 dart slugs (D:3)
  88 orcs
  12 endoplasms
  A giant cockroach (D:4)
  9 hobgoblins
  5 jackals
  33 kobolds
  4 ball pythons
  6 bats
  A frilled lizard (D:1)
  13 goblins
  An orc skeleton (D:8)
  5 rats
  A bush (Lair:6)
1063 creatures vanquished.

Vanquished Creatures (collateral kills)
  The ghost of suomimenusko the Severer, an adept NaFi of Cheibriados (Swamp:2)
  A bunyip (Swamp:3)
  An eleionoma (Swamp:3)
  2 fire dragons (Swamp:4)
  A hydra (Swamp:4)
  A shock serpent (Snake:4)
  Urug (D:13)
  A salamander mystic (Snake:4)
  2 naga ritualists (Snake:4)
  A bog body (Swamp:4)
  3 swamp dragons
  5 mana vipers (Snake:4)
  A black mamba (Snake:4)
  4 naga magi (Snake:4)
  A tyrant leech (Swamp:4)
  A steam dragon (Swamp:4)
  4 nagas (Snake:4)
  2 swamp drakes
33 creatures vanquished.

Vanquished Creatures (others)
  A two-headed ogre (D:13)
  A swamp dragon (Swamp:4)
  A lindwurm (Swamp:4)
  2 steam dragons (Swamp:4)
  3 swamp drakes (Swamp:4)
  6 foxfires
  70 fungi
  148 plants
  10 withered plants (Ossuary)
242 creatures vanquished.

Grand Total: 1338 creatures vanquished

Notes
Turn   | Place    | Note
-------+----------+-------------------------------------------
     0 | D:1      | Crownlay the Gnoll Ice Elementalist began the quest for the
                  | Orb.
     0 | D:1      | Reached XP level 1. HP: 13/13 MP: 6/6
   384 | D:1      | Reached XP level 2. HP: 6/19 MP: 7/7
  1658 | D:2      | Reached skill level 5 in Spellcasting
  1658 | D:2      | Reached XP level 3. HP: 15/25 MP: 7/9
  1661 | D:2      | Reached skill level 1 in Invocations
  1727 | D:2      | Learned a level 3 spell: Frozen Ramparts
  1731 | D:2      | Learned a level 3 spell: Ozocubu's Armour
  2001 | D:2      | Found a white marble altar of Elyvilon.
  2048 | D:2      | Reached skill level 1 in Fighting
  2048 | D:2      | Reached skill level 1 in Short Blades
  2048 | D:2      | Reached skill level 1 in Long Blades
  2048 | D:2      | Reached skill level 1 in Axes
  2048 | D:2      | Reached skill level 1 in Maces & Flails
  2048 | D:2      | Reached skill level 1 in Polearms
  2048 | D:2      | Reached skill level 1 in Staves
  2048 | D:2      | Reached skill level 1 in Slings
  2048 | D:2      | Reached skill level 1 in Bows
  2048 | D:2      | Reached skill level 1 in Crossbows
  2048 | D:2      | Reached skill level 1 in Throwing
  2048 | D:2      | Reached skill level 1 in Armour
  2048 | D:2      | Reached skill level 1 in Shields
  2048 | D:2      | Reached skill level 1 in Unarmed Combat
  2048 | D:2      | Reached skill level 1 in Evocations
  2145 | D:2      | Reached XP level 4. HP: 32/32 MP: 7/11
  2211 | D:2      | Learned a level 4 spell: Hailstorm
  2550 | D:3      | Reached skill level 1 in Conjurations
  2550 | D:3      | Reached skill level 1 in Hexes
  2550 | D:3      | Reached skill level 1 in Summonings
  2550 | D:3      | Reached skill level 1 in Necromancy
  2550 | D:3      | Reached skill level 1 in Translocations
  2550 | D:3      | Reached skill level 1 in Transmutations
  2550 | D:3      | Reached skill level 1 in Fire Magic
  2550 | D:3      | Reached skill level 1 in Air Magic
  2550 | D:3      | Reached skill level 1 in Earth Magic
  2550 | D:3      | Reached skill level 1 in Poison Magic
  2573 | D:3      | Found Fegeem's Antique Armour Boutique.
  2601 | D:3      | Found a radiant altar of Vehumet.
  3139 | D:3      | Found a runed translucent door.
  3140 | D:3      | Noticed Crazy Yiuf
  3148 | D:3      | Killed Crazy Yiuf
  3149 | D:3      | Reached XP level 5. HP: 37/37 MP: 5/12
  3344 | D:4      | Noticed a phantom
  3344 | D:4      | Found Guhosyxt's Book Boutique.
  3370 | D:4      | Found a staircase to the Ecumenical Temple.
  3375 | Temple   | Entered the Ecumenical Temple
  3619 | Temple   | Became a worshipper of Uskayaw the Reveller
  3660 | D:4      | Reached * piety under Uskayaw
  3713 | D:4      | Reached ** piety under Uskayaw
  3820 | D:4      | Reached XP level 6. HP: 39/44 MP: 9/13
  3996 | D:4      | Reached skill level 5 in Dodging
  3997 | D:4      | Reached *** piety under Uskayaw
  4057 | D:4      | Found Itesm's Neck Hole.
  4115 | D:3      | Bought a distressingly furry robe for 159 gold pieces
  4115 | D:3      | Identified the +2 robe of Noreil {Will+ Int-5 SInv} (You
                  | bought it in a shop on level 3 of the Dungeon)
  4303 | D:4      | Found a blossoming altar of Fedhas.
  4602 | D:5      | Entered Level 5 of the Dungeon
  4651 | D:5      | Reached XP level 7. HP: 50/50 MP: 15/15
  5083 | D:5      | Reached skill level 5 in Stealth
  5459 | D:5      | Found a runed translucent door.
  5464 | D:5      | Noticed diceflayer's ghost (novice MiFi)
  5491 | D:5      | Killed diceflayer's ghost
  5492 | D:5      | Reached XP level 8. HP: 27/58 MP: 9/17
  6656 | D:6      | Noticed Pikel
  6669 | D:5      | Killed Pikel
  6670 | D:5      | Reached XP level 9. HP: 31/65 MP: 12/18
  6839 | D:6      | Found Utum's Overcharged Wands.
  7099 | D:6      | Noticed Sigmund
  7121 | D:6      | Killed Sigmund
  7906 | D:6      | Learned a level 3 spell: Inner Flame
  8022 | D:7      | Noticed Prince Ribbit
  8023 | D:7      | Reached skill level 5 in Invocations
  8133 | D:6      | Killed Prince Ribbit
  8520 | D:7      | Reached XP level 10. HP: 56/73 MP: 17/20
  8782 | D:6      | Reached skill level 5 in Fighting
  8782 | D:6      | Reached skill level 5 in Short Blades
  8782 | D:6      | Reached skill level 5 in Long Blades
  8782 | D:6      | Reached skill level 5 in Axes
  8782 | D:6      | Reached skill level 5 in Maces & Flails
  8782 | D:6      | Reached skill level 5 in Polearms
  8782 | D:6      | Reached skill level 5 in Staves
  8782 | D:6      | Reached skill level 5 in Slings
  8782 | D:6      | Reached skill level 5 in Bows
  8782 | D:6      | Reached skill level 5 in Crossbows
  8782 | D:6      | Reached skill level 5 in Throwing
  8782 | D:6      | Reached skill level 5 in Armour
  8782 | D:6      | Reached skill level 5 in Shields
  8782 | D:6      | Reached skill level 5 in Unarmed Combat
  8782 | D:6      | Reached skill level 5 in Evocations
  8782 | D:6      | Reached **** piety under Uskayaw
  9454 | D:7      | Learned a level 3 spell: Stone Arrow
  9840 | D:7      | Found a snail-covered altar of Cheibriados.
 10401 | D:8      | Found a sand-covered staircase.
 10407 | Ossuary  | Entered an ossuary
 10537 | Ossuary  | Reached ***** piety under Uskayaw
 10794 | Ossuary  | Identified the ring "Voiptog" {rPois rF+ rC+ Will++}
 11334 | D:8      | Found a basalt altar of Yredelemnul.
 11525 | D:8      | Noticed Harold
 11538 | D:8      | Killed Harold
 11778 | D:8      | Reached XP level 11. HP: 66/81 MP: 16/22
 11907 | D:8      | Noticed a tengu warrior
 11907 | D:8      | Noticed a tengu warrior
 12298 | D:8      | Noticed Maggie
 12311 | D:8      | Killed Maggie
 12480 | D:8      | Reached skill level 5 in Conjurations
 12480 | D:8      | Reached skill level 5 in Hexes
 12480 | D:8      | Reached skill level 5 in Summonings
 12480 | D:8      | Reached skill level 5 in Necromancy
 12480 | D:8      | Reached skill level 5 in Translocations
 12480 | D:8      | Reached skill level 5 in Transmutations
 12480 | D:8      | Reached skill level 5 in Fire Magic
 12480 | D:8      | Reached skill level 5 in Air Magic
 12480 | D:8      | Reached skill level 5 in Earth Magic
 12480 | D:8      | Reached skill level 5 in Poison Magic
 12896 | D:9      | Noticed a two-headed ogre
 12911 | D:9      | Killed a two-headed ogre
 13425 | D:9      | Found a staircase to the Orcish Mines.
 14738 | D:10     | Entered Level 10 of the Dungeon
 14801 | D:10     | Found a flagged portal.
 14932 | Bailey   | Entered a bailey
 14937 | Bailey   | Noticed an orc warlord
 15045 | Bailey   | Found a runed translucent gate.
 15052 | Bailey   | Found a runed translucent gate.
 15058 | Bailey   | Found a runed translucent gate.
 15397 | Bailey   | Killed an orc warlord
 15664 | Bailey   | Reached XP level 12. HP: 91/91 MP: 23/25
 15711 | Bailey   | Acquired a book of Hexes
 15715 | Bailey   | Acquired the +6 arbalest "Damnation" {damnation}
 15715 | Bailey   | Found the +6 arbalest "Damnation" {damnation}
 16289 | D:10     | Found a staircase to the Lair.
 16395 | D:10     | Reached XP level 13. HP: 96/96 MP: 26/26
 16399 | D:10     | Reached ****** piety under Uskayaw
 17602 | D:11     | Identified the +6 hand axe "Keatoyrr" {venom, rF+}
 18672 | Lair:1   | Entered Level 1 of the Lair of Beasts
 18687 | Lair:1   | Found a dark tunnel.
 18703 | Lair:1   | Noticed Grum
 18704 | Lair:1   | Killed Grum
 18708 | Volcano  | Entered a volcano
 19569 | Volcano  | Found a bloodstained altar of Trog.
 20043 | Volcano  | Reached skill level 10 in Ice Magic
 20834 | Lair:1   | Found a bloodstained altar of Trog.
 20899 | Lair:1   | Found a large runed translucent door.
 20900 | Lair:1   | Found a large runed translucent door.
 20903 | Lair:1   | Noticed othur's ghost (journeyman TrFi)
 20947 | Lair:1   | Killed othur's ghost
 21655 | Lair:2   | Found a staircase to the Snake Pit.
 21759 | Lair:2   | Reached skill level 10 in Spellcasting
 21873 | Lair:2   | Reached XP level 14. HP: 91/106 MP: 22/28
 22220 | Lair:2   | Found a staircase to the Swamp.
 22273 | Lair:2   | Identified the +1 ring mail "Inosoaji" {MP+9}
 23110 | Lair:3   | Reached skill level 10 in Dodging
 24092 | Lair:4   | Reached skill level 10 in Stealth
 24226 | Lair:4   | Reached skill level 10 in Invocations
 25421 | Lair:4   | Found the +1 cloak of Starlight {*Dazzle EV+4 Stlth--}
 25975 | Lair:5   | Reached XP level 15. HP: 108/114 MP: 25/29
 27091 | Lair:5   | Learned a level 6 spell: Iron Shot
 27099 | Lair:5   | Learned a level 7 spell: Spellforged Servitor
 27389 | Lair:6   | Entered Level 6 of the Lair of Beasts
 28661 | Lair:6   | Found a staircase to the Slime Pits.
 28661 | Lair:6   | Found a viscous altar of Jiyva.
 29108 | Lair:6   | Reached skill level 10 in Fighting
 29108 | Lair:6   | Reached skill level 10 in Short Blades
 29108 | Lair:6   | Reached skill level 10 in Long Blades
 29108 | Lair:6   | Reached skill level 10 in Axes
 29108 | Lair:6   | Reached skill level 10 in Maces & Flails
 29108 | Lair:6   | Reached skill level 10 in Polearms
 29108 | Lair:6   | Reached skill level 10 in Staves
 29108 | Lair:6   | Reached skill level 10 in Slings
 29108 | Lair:6   | Reached skill level 10 in Bows
 29108 | Lair:6   | Reached skill level 10 in Crossbows
 29108 | Lair:6   | Reached skill level 10 in Throwing
 29108 | Lair:6   | Reached skill level 10 in Armour
 29108 | Lair:6   | Reached skill level 10 in Shields
 29108 | Lair:6   | Reached skill level 10 in Unarmed Combat
 29108 | Lair:6   | Reached skill level 10 in Evocations
 29260 | Lair:6   | Found the +5 scythe "Finisher" {speed, eviscerate}
 30984 | Orc:1    | Entered Level 1 of the Orcish Mines
 30984 | Orc:1    | Noticed Nergalle
 31005 | D:9      | Learned a level 4 spell: Cause Fear
 31031 | Orc:1    | Noticed an orc warlord
 32346 | D:12     | Found a portal to a secret trove of treasure.
 32389 | D:13     | Found a gate to the Vaults.
 33237 | D:13     | Noticed Urug
 33250 | D:13     | Killed Urug
 33912 | D:13     | Reached XP level 16. HP: 29/123 MP: 2/31
 34702 | D:14     | Noticed Agnes
 34842 | D:14     | Killed Agnes
 37026 | D:14     | Got the Almanac of Blistering Toxins
 37190 | D:15     | Entered Level 15 of the Dungeon
 37844 | D:15     | Found a runed translucent gate.
 37844 | D:15     | Found a runed translucent gate.
 37844 | D:15     | Found a runed translucent gate.
 37845 | D:15     | Noticed Kuralita's ghost (journeyman OpTm)
 37848 | D:15     | Found an iron altar of Okawaru.
 38239 | D:15     | Found a staircase to the Depths.
 38870 | D:15     | Killed Kuralita's ghost
 39159 | D:15     | Identified the +1 leather armour of the Game Afoot {rC+
                  | MP+9}
 39168 | D:15     | Identified the +1 robe of Raceypp {Drain Str+9 Dex+4}
 39397 | Orc:1    | Killed Nergalle
 40032 | Orc:2    | Entered Level 2 of the Orcish Mines
 40032 | Orc:2    | Found a staircase to the Elven Halls.
 40126 | Orc:2    | Found a frozen archway.
 40144 | IceCv    | Entered an ice cave
 40404 | IceCv    | Found a transporter.
 40418 | IceCv    | Found a transporter.
 41380 | Orc:2    | Found Tekaq's Book Boutique.
 41380 | Orc:2    | Found Irhuetur's Assorted Antiques.
 41383 | Orc:2    | Found Cerruc's Antique Weapon Shop.
 41387 | Orc:2    | Found Eleyxim's Antique Weapon Shop.
 42321 | Orc:2    | Bought a scroll labelled FIAGIL RIRE for 37 gold pieces
 42321 | Orc:2    | Bought a scroll labelled BADWIZ BOUC for 37 gold pieces
 42817 | Snake:1  | Entered Level 1 of the Snake Pit
 43084 | D:4      | Bought the Unrestrained Analects for 572 gold pieces
 43099 | D:4      | Learned a level 7 spell: Ozocubu's Refrigeration
 43320 | Snake:1  | Reached XP level 17. HP: 131/131 MP: 28/33
 44991 | Snake:1  | Identified Roxanne's Tome of Stones
 44991 | Snake:1  | Noticed Roxanne
 46170 | Snake:1  | Killed Roxanne
 46581 | Snake:2  | Found Rifur Nucs's Antique Weapon Shoppe.
 46836 | Snake:2  | Found Wycunod's Antique Weapon Boutique.
 47212 | Snake:2  | Found Kechoa Xixt's Antique Weapon Boutique.
 48595 | Snake:3  | Found Kuqy's General Store.
 48595 | Snake:3  | Found Nenapup's Weapon Shop.
 48607 | Snake:3  | Bought a potion of heal wounds for 75 gold pieces
 48607 | Snake:3  | Bought a scroll of identify for 30 gold pieces
 48858 | Snake:3  | Found a glowing silver altar of Zin.
 48927 | Snake:3  | Reached skill level 10 in Conjurations
 48927 | Snake:3  | Reached skill level 10 in Hexes
 48927 | Snake:3  | Reached skill level 10 in Summonings
 48927 | Snake:3  | Reached skill level 10 in Necromancy
 48927 | Snake:3  | Reached skill level 10 in Translocations
 48927 | Snake:3  | Reached skill level 10 in Transmutations
 48927 | Snake:3  | Reached skill level 10 in Fire Magic
 48927 | Snake:3  | Reached skill level 10 in Air Magic
 48927 | Snake:3  | Reached skill level 10 in Earth Magic
 48927 | Snake:3  | Reached skill level 10 in Poison Magic
 48950 | Snake:4  | Entered Level 4 of the Snake Pit
 49733 | Snake:3  | Identified the +0 barding of Altruism {+Inv Will++ Stlth-}
 51019 | Snake:3  | Reached XP level 18. HP: 128/140 MP: 20/34
 51735 | Snake:2  | Bought an ichor-stained hunting sling for 188 gold pieces
 51735 | Snake:2  | Identified the +9 hunting sling of Accord {venom, *Corrode
                  | rN+ Str+8 Stlth+} (You bought it in a shop on level 2 of
                  | the Snake Pit)
 51994 | Snake:4  | Noticed Asterion
 52020 | Snake:4  | Killed Asterion
 53795 | Snake:4  | Got a serpentine rune of Zot
 54258 | Swamp:1  | Entered Level 1 of the Swamp
 55314 | Swamp:2  | Found a runed translucent door.
 55319 | Swamp:2  | Noticed suomimenusko's ghost (adept NaFi)
 55320 | Swamp:2  | Identified the +1 helmet of the Hanged Man {Regen+}
 55441 | Swamp:2  | Killed suomimenusko's ghost
 56443 | Swamp:3  | Reached XP level 19. HP: 69/147 MP: 9/36
 56820 | Swamp:4  | Entered Level 4 of the Swamp
 57511 | Swamp:4  | Slain by a spectral fenstrider witch

Illustrated notes

Levels and vault maps discovered:
D:1:      wheals_arrival_linesprint, layout_rooms, hangedman_decor_push,
          minmay_misc_feat_ornament, kennysheep_small_spiral,
          lemuel_old_faithful
D:2:      layout_rooms, basic_altar
D:3:      cheibrodos_old_hovel, layout_rooms, mainiacjoe_overflow_brackets,
          serial_shops, nicolae_shop_waterfront, uniq_crazy_yiuf_cottage
D:4:      layout_rooms, marbit_many_paths, minmay_temple_entry_statues_pillars,
          serial_shops, shop, nicolae_shop_sticking_my_neck_out
D:5:      layout_basic, ebering_ghost_reflecting_pool,
          hangedman_abyss_or_decor_lesser_grid
D:6:      layout_gridville, serial_bayou, serial_bayou_pond_e,
          serial_bayou_shore_b, serial_bayou_pond_a, serial_bayou_lake_a,
          nicolae_shop_overcharged_wands, uniq_pikel, uniq_sigmund
D:7:      layout_cave_pools, cheibrodos_worm_habitat, eino_tiny_chamber,
          uniq_prince_ribbit1
D:8:      layout_basic, mainiacjoe_overflow_catwalk,
          nicolae_ossuary_entry_catacombs, uniq_harold, uniq_maggie
D:9:      layout_layer_cave, erik_orc_1
D:10:     layout_basic, erik_lair_island, lightli_bailey_entry_fortress
D:11:     layout_loops_ring, nicolae_benzene_ring
D:12:     layout_roguey, nicolae_trove_entry_diagonal, special_room
          [special_room_orc], minmay_unpleasant_kobolds
D:13:     layout_gridville, david_vaults_3, uniq_urug
D:14:     cheibrodos_hippocracy, layout_loops_ring,
          chequers_serial_rivers_marsh, uniq_agnes
D:15:     grunt_enter_depths_giant_problem, layout_irregular_city,
          gammafunk_ghost_fury_of_okawaru, grunt_decor_junction
Temple:   dpeg_five_rooms_temple
Lair:1:   layout_cave_shapes, nicolae_volcano_entry_lava_flow,
          ebering_ghost_disaster_area, basic_altar, uniq_grum
Lair:2:   layout_roguey, palyth_hydra_swamp_entry, guppyfry_snake_entry_garden
Lair:3:   layout_cave_pods
Lair:4:   layout_misc_corridors, bobbens_dragon_lair_wall
Lair:5:   layout_layer_cave, grunt_megastairs_4, lemuel_fruit_tree
Lair:6:   minmay_lair_end_frog_pond, layout_layer_cave, slime_altar_1,
          nicolae_quartered_pool_super, chequers_serial_rivers_marsh,
          serial_bayou_ford_a, minmay_lair_oklob_chamber
Swamp:1:  layout_falls_marsh, nicolae_swamp_fairy_circle
Swamp:2:  layout_falls_marsh, gammafunk_ghost_grave,
          nicolae_swamp_round_clearing, infiniplex_staircase_pool_2
Swamp:3:  layout_basic_swamp, evilmike_swamp_ruin_house_1, swamp_pool3,
          infiniplex_staircase_pool
Swamp:4:  swamp_fiery, layout_basic_swamp
Snake:1:  layout_honeycomb, serial_bayou_shore_b, uniq_roxanne
Snake:2:  layout_chambers, serial_shops, nicolae_take_the_stairs,
          nicolae_shop_statue_plus, nicolae_lakefront_shop, grunt_ministairs_13
Snake:3:  layout_chambers, basic_altar, minmay_shoptagon, grunt_megastairs_2
Snake:4:  johnstein_snake_rune_scales, layout_misc_corridors,
          serial_bayou_shore_a, grunt_megastairs_5, uniq_asterion
Orc:1:    layout_caves, basic_altar, uniq_nergalle
Orc:2:    st_orc_mages, layout_caves, portal_ice_cave_demonic_guard

Skill      XL: |  1  2  3  4  5  6  7  8  9 10 11 12 13 14 15 16 17 18 |
---------------+-------------------------------------------------------+-----
Spellcasting   | 5 6 7 9 10 11 12 13 | 13.4
Invocations    | 1 2 3 4 5 6 8 9 10 11 12 13 | 13.5
Fighting       | 1 2 3 4 5 7 8 9 10 11 12 | 12.6
Short Blades   | 1 2 3 4 5 7 8 9 10 11 12 | 12.6
Long Blades    | 1 2 3 4 5 7 8 9 10 11 12 | 12.6
Axes           | 1 2 3 4 5 7 8 9 10 11 12 | 12.6
Maces & Flails | 1 2 3 4 5 7 8 9 10 11 12 | 12.6
Polearms       | 1 2 3 4 5 7 8 9 10 11 12 | 12.6
Staves         | 1 2 3 4 5 7 8 9 10 11 12 | 12.6
Slings         | 1 2 3 4 5 7 8 9 10 11 12 | 12.6
Bows           | 1 2 3 4 5 7 8 9 10 11 12 | 12.6
Crossbows      | 1 2 3 4 5 7 8 9 10 11 12 | 12.6
Throwing       | 1 2 3 4 5 7 8 9 10 11 12 | 12.6
Armour         | 1 2 3 4 5 7 8 9 10 11 12 | 12.6
Shields        | 1 2 3 4 5 7 8 9 10 11 12 | 12.6
Unarmed Combat | 1 2 3 4 5 7 8 9 10 11 12 | 12.6
Evocations     | 1 2 3 4 5 7 8 9 10 11 12 | 12.6
Conjurations   | 1 2 3 4 6 7 8 9 10 | 10.8
Hexes          | 1 2 3 4 6 7 8 9 10 | 10.8
Summonings     | 1 2 3 4 6 7 8 9 10 | 10.8
Necromancy     | 1 2 3 4 6 7 8 9 10 | 10.8
Translocations | 1 2 3 4 6 7 8 9 10 | 10.8
Transmutations | 1 2 3 4 6 7 8 9 10 | 10.8
Fire Magic     | 1 2 3 4 6 7 8 9 10 | 10.8
Air Magic      | 1 2 3 4 6 7 8 9 10 | 10.8
Earth Magic    | 1 2 3 4 6 7 8 9 10 | 10.8
Poison Magic   | 1 2 3 4 6 7 8 9 10 | 10.8
Dodging        | 5 6 7 8 9 10 11 12 13 | 13.2
Stealth        | 5 6 7 8 9 10 11 12 13 | 13.1
Ice Magic      | 8 9 10 11 12 13 | 13.5

Action                   |  1- 3 |  4- 6 |  7- 9 | 10-12 | 13-15 | 16-18 | 19-21 || total
-------------------------+-------+-------+-------+-------+-------+-------+-------++-------
Melee: Dagger            |    62 |       |   260 |   367 |   974 |   285 |       ||  1948
       Unarmed           |     1 |       |       |       |       |       |       ||     1
       Bite              |     3 |       |    24 |    54 |    84 |    55 |     1 ||   221
       Punch             |       |       |     1 |     1 |    41 |    10 |       ||    53
       Scythe            |       |       |       |       |       |   471 |    19 ||   490
 Fire: Hunting sling     |    21 |   117 |    91 |   345 |   478 |   604 |    59 ||  1715
       Arbalest          |       |       |       |    24 |   122 |    77 |       ||   223
 Cast: Freeze            |     5 |     2 |       |       |     7 |       |       ||    14
       Frozen Ramparts   |     2 |     9 |    25 |    60 |   103 |    96 |     1 ||   296
       Ozocubu's Armour  |     1 |     4 |    17 |    29 |    74 |    76 |       ||   201
       Inner Flame       |       |       |     3 |     6 |       |     1 |       ||    10
       Hailstorm         |       |       |     1 |     2 |    32 |     5 |       ||    40
       Stone Arrow       |       |       |       |    20 |     1 |     1 |       ||    22
       Iron Shot         |       |       |       |       |     9 |    40 |     5 ||    54
       Cause Fear        |       |       |       |       |     1 |     3 |     1 ||     5
       Spellforged Servi |       |       |       |       |     1 |    21 |     6 ||    28
       Ozocubu's Refrige |       |       |       |       |       |    40 |     4 ||    44
Invok: Grand Finale      |       |       |       |       |     1 |       |       ||     1
Evoke: Wand              |       |       |     2 |     3 |     5 |    27 |       ||    37
  Use: Scroll            |       |       |     4 |     7 |    10 |    18 |     5 ||    44
       Potion            |       |       |       |     2 |     1 |     4 |     2 ||     9
 Stab: Sleeping          |     4 |       |     1 |     5 |     7 |     8 |       ||    25
       Paralysed         |       |       |     6 |    20 |    58 |    68 |     2 ||   154
       Distracted        |       |       |     1 |       |       |     4 |     1 ||     6
       Invisible         |       |       |       |       |    15 |    29 |     1 ||    45
Armor: Robe              |    12 |     6 |   116 |       |       |   159 |    23 ||   316
       Steam dragon scal |       |       |    19 |   138 |   346 |    79 |       ||   582
Dodge: Dodged            |    52 |    34 |   190 |   285 |   717 |   664 |    59 ||  2001
Block: Buckler           |       |       |    35 |   108 |       |       |       ||   143
